Map: Ever Dream LE

Players

Vanya - Winner!

  • Race: Zerg Zerg
  • League: Grandmaster
  • Spawn Location: 7:00

AGOElazer (Elazer)

  • Race: Zerg Zerg
  • League: Grandmaster
  • Spawn Location: 1:00

Event: DreamHack SC2 Masters 2020 Summer Europe

VOD

Have the link to the VOD?

Description

Time

  • Played on: July 3, 2020, 10:18 a.m.
  • Length: 4:13

All games in this series

Show
View Real Time Build Order
Export as new Build Order

Vanya Zerg - Winner!

Build Orders: Pool Only 

Get SALT Encoding   

  12  0:16  Spawning Pool  
  11  0:21  Drone  
  11  0:26  Drone  
  13  0:31  Drone  
  14  0:39  Overlord  
  14  1:03  Zergling x4  
  16  1:04  Zergling x2  
  17  1:15  Zergling x2  
  18  1:26  Zergling x2  
  19  1:45  Zergling x2  
  20  1:51  Spine Crawler  
  20  1:52  Spine Crawler  
  20  1:53  Spine Crawler  
  17  1:59  Zergling x4  
  19  2:36  Zergling x4  
  18  2:46  Zergling x2  
  15  3:02  Zergling x2  
  16  3:23  Zergling x2  
  16  3:38  Zergling x2  
Show
View Real Time Build Order
Export as new Build Order

AGOElazer Zerg 

Build Orders: Hatch First 

Get SALT Encoding   

  12  0:00  Drone  
  13  0:12  Overlord  
  13  0:16  Drone  
  14  0:30  Drone x2  
  16  0:46  Hatchery  
  15  0:50  Drone  
  15  0:54  Drone  
  17  0:57  Drone  
  18  1:08  Extractor  
  17  1:12  Spawning Pool  
  17  1:15  Drone  
  17  1:18  Drone  
  18  1:27  Drone  
  19  1:38  Drone  
  20  1:59  Zergling x4  
  22  2:03  Queen  
  22  2:04  Zergling x2  
  22  2:05  Queen  
  27  2:11  Zergling x2  
  28  2:22  Zergling x2  
  25  2:30  Zergling x2  
  21  2:45  Zergling x2  
  21  2:57  Zergling x2  
  19  3:00  Zergling x2  
  18  3:11  Zergling x2  
  17  3:14  Zergling x2  
Tags
 
Add a new tag
Caveats
  • Supply blocks, unpowered buildings, or Contaminate may cause inaccurate times.
  • Supply counts are checked every 10 seconds.